 Dungeon Crawl Stone Soup version 0.22.0-6-g71bd7aa6b3 (webtiles) character file.

2425 Htamos the Chucker (level 9, -2/88 HPs)
             Began as a Troll Fighter on Aug 16, 2018.
             Was a Believer of Cheibriados.
             Slain by an orc warrior
             ... wielding a +0 trident
              (8 damage)
             ... on level 7 of the Dungeon.
             The game lasted 00:08:29 (5162 turns).

Htamos the Chucker (Troll Fighter)                  Turns: 5162, Time: 00:08:29

Health: -2/88      AC:  6    Str: 38    XL:     9   Next: 24%
Magic:  8/8        EV:  9    Int:  8    God:    Cheibriados [**....]
Gold:   323        SH: 11    Dex: 13    Spells: 8/8 levels left

rFire    . . .     SeeInvis .     - Unarmed
rCold    . . .     Gourm    +   b - +0 shield
rNeg     . . .     Faith    .   a - +1 robe
rPois    .         Spirit   .   (helmet restricted)
rElec    .         Reflect  .   (no cloak)
rCorr    .         Harm     .   (gloves unavailable)
MR       .....                  (boots unavailable)
Stlth    +.........             (no amulet)
HPRegen  0.64/turn              (no ring)
MPRegen  0.11/turn              (no ring)

@: mighty, very slow
A: large, unfitting armour, claws 3, fast metabolism 3, gourmand, regeneration
1, shaggy fur 1, tough skin 2
a: Bend Time, Renounce Religion


You were on level 7 of the Dungeon.
You worshipped Cheibriados.
Cheibriados was pleased with you.
You were completely stuffed.

You visited 2 branches of the dungeon, and saw 8 of its levels.

You collected 323 gold pieces.

Inventory:

Hand Weapons
 y - a +0 blowgun
Missiles
 e - 163 stones (quivered)
 p - 3 poisoned needles
 t - 24 sling bullets
Armour
 a - a +1 robe (worn)
 b - a +0 shield (worn)
Jewellery
 E - an uncursed ring of positive energy {unknown}
Wands
 C - a wand of enslavement (13)
Scrolls
 f - 8 scrolls of identify {unknown}
 k - a scroll of fear {unknown}
 q - a scroll of enchant armour
 r - 2 scrolls of random uselessness {unknown}
 s - 2 scrolls of magic mapping {unknown}
 u - a scroll of amnesia {unknown}
 v - 2 scrolls of teleportation {unknown}
 w - a scroll of enchant weapon {unknown}
 x - 2 scrolls of remove curse {unknown}
 z - a scroll of blinking {unknown}
 B - a scroll of immolation {unknown}
 D - a scroll of fog
Potions
 c - 2 potions of might
 g - 3 potions of haste {unknown}
 h - 2 potions of flight {unknown}
 i - 2 potions of degeneration {unknown}
 j - 2 potions of lignification {unknown}
 l - a potion of agility {unknown}
 m - 4 potions of curing {unknown}
 n - a potion of brilliance {unknown}
 o - a potion of mutation {unknown}
 A - 2 potions of berserk rage {unknown}
 G - a potion of heal wounds {unknown}
Comestibles
 d - 11 rations
 F - 4 chunks of flesh


   Skills:
 + Level 5.6 Fighting
 * Level 7.8 Throwing
 - Level 2.4 Dodging
 + Level 5.6 Shields
 + Level 3.2 Unarmed Combat


You had 8 spell levels left.
You didn't know any spells.
Your spell library contained the following spells:

 Spells                   Type           Power        Failure   Level  Hunger
 Magic Dart               Conj           #...         65%         1    ##.....
 Conjure Flame            Conj/Fire      #.......     95%         3    ####...
 Slow                     Hex            #.......     80%         2    ###....
 Mephitic Cloud           Conj/Pois/Air  #.......     95%         3    ####...
 Blink                    Tloc           N/A          80%         2    ###....
 Call Imp                 Summ           #.......     80%         2    ###....


Dungeon Overview and Level Annotations

Branches:
Dungeon (7/15)             Temple (1/1) D:5

Altars:
Cheibriados
Dithmenos
Hepliaklqana
Okawaru
Ru
Sif Muna
Trog
Vehumet
Xom
Zin


Innate Abilities, Weirdness & Mutations

You are too large for most types of armour.
You have claws for hands.
Your metabolism is lightning-fast.
You like to eat raw meat.
Your natural rate of healing is unusually fast.
You are covered in fur. (AC +1)
You have very tough skin. (AC +2)


Message History

The orc warrior barely misses you. The orc barely misses you.
You feel very mighty all of a sudden. You block the black bear's attack.
The black bear claws you but does no damage. x2
You block the orc warrior's attack.
You mangle the orc!!
You kill the orc!
Cheibriados appreciates the change of pace.
The black bear closely misses you. The black bear barely misses you.
You block the black bear's attack. You block the orc warrior's attack.
The orc warrior hits you with a trident!!
* * * LOW HITPOINT WARNING * * *
You block the black bear's attack. x3
Things that are here:
a flail; a dyed leather armour; an orc corpse You barely miss the orc warrior.
The orc throws a tomahawk.
You block the tomahawk.
The orc warrior hits you with a trident!
You die...

#..(<......##
##...........##.
#....).(........
###.#...#..)#...#.
....#...#...#...#
###o..#...#..[# ?
#.§#§§§#...#...
#.#o§§#§..#...#
#.o§@§§§........
#.§§#h§§#...#...
#.§#§§§#...#...
#.#?§§#$..#...
#..#...#...#..
#...#.. #...#.
#....... .... #
#...#. #.. .#...#.
#.


You could see an orc warrior, a black bear and an orc.

Vanquished Creatures
  Menkaure (D:5)
  An ice beast (D:7)
  2 sky beasts (D:5)
  A phantom (D:6)
  7 ogres
  2 centaurs
  Blork the orc (D:5)
  2 bullfrogs (D:6)
  A scorpion (D:5)
  A howler monkey (D:7)
  2 crimson imps
  A centaur zombie (D:7)
  A quasit (D:6)
  A hound (D:5)
  A jelly (D:5)
  An orc priest (D:6)
  3 orc wizards
  A bullfrog skeleton (D:5)
  Jessica (D:2)
  An iguana (D:6)
  11 worker ants
  2 worker ant zombies (D:5)
  6 gnolls
  10 adders
  2 shadow imps (D:5)
  An ooze (D:3)
  An adder skeleton (D:7)
  2 worms (D:2)
  A dart slug (D:2)
  8 leopard geckos
  19 orcs
  2 ball pythons
  3 giant cockroaches
  6 goblins
  7 hobgoblins
  22 jackals
  4 quokkas
  10 bats
  3 frilled lizards
  A jackal zombie (D:5)
  7 kobolds
  A leopard gecko zombie (D:5)
  7 rats
168 creatures vanquished.

Notes
Turn   | Place    | Note
-------+----------+-------------------------------------------
     0 | D:1      | Htamos the Troll Fighter began the quest for the Orb.
     0 | D:1      | Reached XP level 1. HP: 22/22 MP: 0/0
   124 | D:1      | Reached XP level 2. HP: 29/29 MP: 1/1
   146 | D:1      | Reached skill level 1 in Throwing
   648 | D:2      | Noticed Jessica
   652 | D:2      | Killed Jessica
   652 | D:2      | Reached skill level 2 in Throwing
   652 | D:2      | Reached XP level 3. HP: 36/36 MP: 2/2
   842 | D:2      | Reached XP level 4. HP: 42/44 MP: 3/3
  1480 | D:3      | Reached XP level 5. HP: 53/53 MP: 4/4
  1564 | D:3      | Reached skill level 3 in Throwing
  2303 | D:4      | Reached XP level 6. HP: 57/61 MP: 5/5
  2852 | D:4      | Reached skill level 4 in Throwing
  3117 | D:5      | Entered Level 5 of the Dungeon
  3124 | D:5      | Noticed Blork the orc
  3133 | D:5      | Killed Blork the orc
  3133 | D:5      | Reached XP level 7. HP: 68/68 MP: 6/6
  3268 | D:5      | Reached skill level 5 in Throwing
  3385 | D:5      | Reached XP level 8. HP: 70/79 MP: 7/7
  3393 | D:5      | Reached skill level 6 in Throwing
  3682 | D:5      | Found a staircase to the Ecumenical Temple.
  3696 | D:5      | Noticed Menkaure
  3697 | Temple   | Entered the Ecumenical Temple
  3704 | Temple   | Became a worshipper of Cheibriados the Contemplative
  3719 | D:5      | Killed Menkaure
  3719 | D:5      | Reached skill level 5 in Fighting
  3719 | D:5      | Reached skill level 5 in Shields
  4216 | D:6      | Reached skill level 7 in Throwing
  4648 | D:6      | Reached * piety under Cheibriados
  4897 | D:6      | Reached XP level 9. HP: 88/88 MP: 8/8
  5156 | D:7      | Reached ** piety under Cheibriados
  5162 | D:7      | Slain by an orc warrior

Skill      XL: |  1  2  3  4  5  6  7  8  9 |
---------------+----------------------------+-----
Throwing       | 2 3 4 5 7 |  7.8
Fighting       | 3 4 5 |  5.6
Shields        | 3 4 5 |  5.6
Unarmed Combat | 3 |  3.2
Dodging        | |  2.4

Action                   |  1- 3 |  4- 6 |  7- 9 || total
-------------------------+-------+-------+-------++-------
Melee: Unarmed           |    92 |   252 |   239 ||   583
Throw: Stone             |       |    17 |    84 ||   101
Evoke: Wand              |       |       |     5 ||     5
  Use: Scroll            |       |       |     2 ||     2
       Potion            |       |       |     1 ||     1
  Eat: Chunk             |    14 |    20 |    20 ||    54
Armor: Robe              |    35 |    81 |    52 ||   168
Dodge: Dodged            |    29 |   100 |    98 ||   227
Block: Shield            |    52 |   137 |   126 ||   315
